 Dungeon Crawl Stone Soup version 0.28.0-47-ge53b351184 (webtiles) character file.

Game seed: 8865864765269812666

159 101zpm the Magician (level 5, -1/35 HPs)
             Began as a Djinni Ice Elementalist on Apr 26, 2022.
             Killed by nerve-wracking pain
             ... invoked by Grinder
              (14 damage)
             ... on level 4 of the Dungeon.
             The game lasted 00:05:43 (3149 turns).

101zpm the Magician (Djinni Ice Elementalist)       Turns: 3149, Time: 00:05:44

Health: -1/35      AC:  3    Str:  7    XL:     5   Next: 68%
Gold:   121        EV: 12    Int: 24    God:
                   SH:  0    Dex: 14

rFire   + + +      SeeInvis .   p - +6 hand axe "Qauker" {elec, Contam Will+ Int+6}
rCold   x . .      Faith    .   (no shield)
rNeg    . . .      Spirit   .   a - +0 robe
rPois   ∞          Reflect  .   (no helmet)
rElec   .          Harm     .   (no cloak)
rCorr   .          Rampage  .   o - +0 pair of gloves
Will    +....                   (boots unavailable)
Stlth   ++........              (no amulet)
HPRegen 0.11/turn               f - ring of protection from fire
MPRegen 0.00/turn               (no ring)

@: freezing walls, flying, very slightly contaminated
A: sickness immunity, fire resistance 2, cold vulnerability 1, float, innate
caster, HP casting, extra vitality 1
a: no special abilities


You were on level 4 of the Dungeon.
You visited 1 branch of the dungeon, and saw 4 of its levels.

You collected 121 gold pieces.

Inventory:

Hand Weapons
 p - the +6 hand axe "Qauker" (weapon) {elec, Contam Will+ Int+6}
   (You found it on level 4 of the Dungeon)

   It occasionally discharges a powerful burst of electricity upon striking a
   foe.
   Int:       It affects your intelligence (+6).
   Contam:    It causes magical contamination when unequipped.
   Will:      It increases your willpower.
Armour
 a - a +0 robe (worn)
 o - a +0 pair of gloves (worn)
Jewellery
 f - a ring of protection from fire (left hand)
Scrolls
 b - 3 scrolls of immolation {unknown}
 c - a scroll of magic mapping {unknown}
 i - a scroll of teleportation {unknown}
 j - 2 scrolls of fog {unknown}
 k - 6 scrolls of identify {unknown}
 m - a scroll of acquirement {unknown}
Potions
 d - a potion of cancellation {unknown}
 e - a potion of lignification {unknown}
 g - a potion of berserk rage {unknown}
 h - 2 potions of attraction {unknown}
 l - a potion of flight {unknown}
 n - 2 potions of brilliance {unknown}


   Skills:
 + Level 0.2 Fighting
 + Level 0.7 Axes
 + Level 2.5 Dodging
 + Level 2.0 Stealth
 + Level 4.8 Spellcasting


You couldn't memorise any spells.
You knew the following spells:

 Your Spells              Type           Power      Damage    Failure   Level
a - Freeze                Ice            100%       1d11      1%          1
b - Frozen Ramparts       Ice            56%        1d7       3%          3
c - Ozocubu's Armour      Ice            28%        N/A       3%          3
d - Hailstorm             Conj/Ice       28%        3d8       12%         4
e - Pain                  Necr           100%       1d9       1%          1
f - Corpse Rot            Necr/Air       56%        N/A       1%          2
Your spell library was empty.

Dungeon Overview and Level Annotations

Branches:
Dungeon (4/15)             Temple (0/1) D:4

Altars:
Hepliaklqana

Shops:
D:4 :

Annotations:
D:3 Terence
D:4 Grinder


Innate Abilities, Weirdness & Mutations

You are immune to sickness and miasma.
You are immune to poison.
Your flesh is very heat resistant. (rF++)
You are vulnerable to cold. (rC-)
You float through the air rather than walking.
You learn spells naturally, not from books.
Your magical power is your life essence.
You have superior vitality. (+4 MHP)


Message History

Grinder shouts!
Casting: Freeze (safe; 1% risk of failure)
Confirm with . or Enter, or press ? or * to list all spells.
Casting: Frozen Ramparts (dangerous; 3% risk of failure)
Press: ? - help, Dir - look around, f - activate
Okay, then.
Casting: Frozen Ramparts (dangerous; 3% risk of failure)
Confirm with . or Enter, or press ? or * to list all spells.
Casting: Frozen Ramparts (dangerous; 3% risk of failure)
Press: ? - help, Dir - look around, f - activate You miscast Frozen Ramparts.
You are very lightly contaminated with residual magic.
Nothing appears to happen.
Grinder blinks!
A hobgoblin comes into view.
Casting: Frozen Ramparts (dangerous; 3% risk of failure)
Confirm with . or Enter, or press ? or * to list all spells.
Casting: Frozen Ramparts (dangerous; 3% risk of failure)
Press: ? - help, Dir - look around, f - activate The walls around you are covered in ice.
The hobgoblin shouts!
Casting: Frozen Ramparts (dangerous; 3% risk of failure)
Confirm with . or Enter, or press ? or * to list all spells.
The spell is quite dangerous to miscast (12% risk of failure)!
Continue anyway?
Casting: Hailstorm (quite dangerous; 12% risk of failure)
Press: ? - help, Dir - look around, f - activate You miscast Hailstorm.
Your hands feel numb with cold!
You feel a terrible chill!
Grinder blinks!
Unknown command.
Grinder completely resists.
The wall freezes Grinder but does no damage.
You hit Grinder but do no damage. Lightning courses through Grinder!
Grinder is moderately wounded.
Grinder completely resists.
The wall freezes Grinder but does no damage.
Grinder barely misses you.
The wall freezes the hobgoblin.
Grinder completely resists.
The wall freezes Grinder but does no damage.
Grinder gestures at you. Pain shoots through your body!
You die...

#.........##...##≈≈≈≈≈###
##............####≈≈≈.#.#
##........#..#####......
##...##..#..##.#.......
#.##..................
####..................
###....###.#........
##.#....#####........
#...@5....###........
#.....#...............
#....g##............#..
#................#####..
........# ##......#####..
##....(..###.....## .....
#...>............###..#
.....##.........###..###
###......##.....


You could see Grinder and a hobgoblin.

Vanquished Creatures
  An orc priest (D:4)
  An iguana (D:4)
  An orc wizard (D:4)
  3 adders
  A worm (D:3)
  2 dart slugs
  2 orcs (D:4)
  4 bats
  4 endoplasms
  A giant cockroach (D:2)
  2 goblins (D:2)
  4 hobgoblins
  3 jackals (D:1)
  3 kobolds
  2 quokkas
  3 ball pythons
  2 frilled lizards
  7 rats
46 creatures vanquished.

Notes
Turn   | Place    | Note
-------+----------+-------------------------------------------
     0 | D:1      | 101zpm the Djinni Ice Elementalist began the quest for the
                  | Orb.
     0 | D:1      | Reached XP level 1. HP: 15/15 MP: 0/0
   363 | D:1      | Reached XP level 2. HP: 17/21 MP: 0/0
   428 | D:1      | Found a faded altar of an unknown god.
   982 | D:1      | Reached XP level 3. HP: 24/25 MP: 0/0
   982 | D:1      | Learned a level 1 spell: Pain
  1124 | D:2      | Reached skill level 4 in Spellcasting
  1789 | D:2      | Reached XP level 4. HP: 26/31 MP: 0/0
  2227 | D:3      | Found a hazy altar of Hepliaklqana.
  2375 | D:3      | Noticed Terence
  2383 | D:4      | Identified the +6 hand axe "Qauker" {elec, Contam Will+
                  | Int+6}
  2406 | D:4      | Found Voumeon's Book Shoppe.
  2599 | D:4      | Reached XP level 5. HP: 31/35 MP: 0/0
  2599 | D:4      | Learned a level 2 spell: Corpse Rot
  2639 | D:4      | Found a staircase to the Ecumenical Temple.
  3141 | D:4      | Noticed Grinder
  3149 | D:4      | Killed from afar by Grinder

Illustrated notes

Levels and vault maps discovered:
D:1:      minmay_arrival_up_and_down, layout_rooms,
          shapermc_ecumenical_altar_ellora
D:2:      layout_basic
D:3:      layout_basic, mainiacjoe_overflow_tiny_flanked, uniq_sigmund,
          uniq_terence
D:4:      layout_cave_pools, minmay_temple_entry_overgrown, serial_shops,
          nicolae_shop_waterfront, uniq_grinder

Skill      XL: |  1  2  3  4  5 |
---------------+----------------+-----
Spellcasting   | 4 |  4.8
Stealth        | 2 |  2.0
Fighting       | |  0.2
Axes           | |  0.7
Dodging        | |  2.5

Action                   |  1- 3 |  4- 6 || total
-------------------------+-------+-------++-------
Melee: Unarmed           |     1 |       ||     1
       Punch             |     1 |       ||     1
       Hand axe          |       |    25 ||    25
 Cast: Freeze            |    47 |    15 ||    62
       Frozen Ramparts   |       |     1 ||     1
Armor: Robe              |     8 |    10 ||    18
Dodge: Dodged            |    24 |    32 ||    56
